 Dungeon Crawl Stone Soup version 0.27-a0-1299-g1ab19c6527 (webtiles) character file.

Game seed: 14161831648872801080

102 Zonian the Conjurer (level 4, 0/24 HPs)
             Began as a Tengu Conjurer on June 16, 2021.
             Succumbed to a scorpion's poison
             ... on level 2 of the Dungeon.
             The game lasted 00:03:04 (2506 turns).

Zonian the Conjurer (Tengu Conjurer)                Turns: 2506, Time: 00:03:05

Health: 0/24       AC:  2    Str:  7    XL:     4   Next: 78%
Magic:  1/9        EV: 12    Int: 20    God:
Gold:   47         SH:  0    Dex: 12    Spells: 5/8 levels left

rFire    . . .     SeeInvis .   d - +0 dagger
rCold    . . .     Faith    .   (no shield)
rNeg     . . .     Spirit   .   a - +0 robe
rPois    .         Reflect  .   (helmet restricted)
rElec    .         Harm     .   (no cloak)
rCorr    .         Rampage  .   (no gloves)
Will     .....                  (boots unavailable)
Stlth    ++........             (no amulet)
HPRegen  0.08/turn              (no ring)
MPRegen  0.11/turn              (no ring)

@: lethally poisoned (0 -> -4)
A: beak, talons 3
a: no special abilities


You were on level 2 of the Dungeon.
You visited 1 branch of the dungeon, and saw 2 of its levels.

You collected 47 gold pieces.

Inventory:

Hand Weapons
 d - a +0 dagger (weapon)
Missiles
 j - 4 silver javelins
Armour
 a - a +0 robe (worn)
Magical Staves
 g - a staff of poison
Jewellery
 i - a +6 ring of strength
Scrolls
 c - a scroll of amnesia
 e - a scroll of noise {unknown}
 f - a scroll of teleportation {unknown}
 h - a scroll of identify
Potions
 b - a potion of brilliance


   Skills:
 + Level 0.2 Short Blades
 + Level 2.5 Dodging
 + Level 2.2 Stealth
 + Level 2.7 Spellcasting
 + Level 7.0 Conjurations


You had 5 spell levels left.
You knew the following spells:

 Your Spells              Type           Power      Damage    Failure   Level
a - Magic Dart            Conj           100%       1d8       1%          1
b - Searing Ray           Conj           62%        3d5       1%          2

Your spell library contained the following spells:

 Spells                   Type           Power      Damage    Failure   Level
 Dazzling Flash           Conj/Hex       32%        N/A       11%         3
 Animate Skeleton         Necr           4%         N/A       14%         1
 Apportation              Tloc           4%         N/A       14%         1
 Corona                   Hex            2%         N/A       14%         1
 Pain                     Necr           8%         1d4       14%         1
 Summon Small Mammal      Summ           8%         N/A       14%         1
 Fulminant Prism          Conj/Hex       8%         3d7       34%         4
 Iskenderun's Mystic Bla  Conj/Tloc      16%        2d5       34%         4
 Vampiric Draining        Necr           1%         2d6       41%         3
 Animate Dead             Necr           1%         N/A       82%         4
 Agony                    Necr           2%         N/A       99%         5


Dungeon Overview and Level Annotations

Branches:
Dungeon (2/15)

Altars:


Innate Abilities, Weirdness & Mutations

You have a beak for a mouth.
You have claws for feet.


Message History

Found a rapier.
You see here a hobgoblin corpse.
A scorpion is nearby!
Unknown command.
The magic dart hits the scorpion.
The scorpion is moderately wounded.
The magic dart hits the scorpion.
The scorpion is moderately wounded.
The scorpion closely misses you.
The magic dart hits the scorpion!
The scorpion is severely wounded.
The scorpion stings you.
You are poisoned.
The scorpion poisons you! The scorpion stings you.
The magic dart hits the scorpion.
The scorpion is almost dead.
You feel very sick. The scorpion stings you!
Unknown command.
Casting: Magic Dart (safe; 1% risk of failure)
Confirm with . or Enter, or press ? or * to list all spells.
Aiming: Searing Ray (safe; 1% risk of failure)
Press: ? - help, Shift-Dir - straight line, f/p - scorpion
Aim: a scorpion (almost dead, 79% to hit)
The searing ray hits the scorpion!
You kill the scorpion! (Press . to maintain the ray.)
* * * LOW HITPOINT WARNING * * *
You feel very sick.
Your Conjurations skill increases to level 7!
You have reached level 4!
You feel clever.
Okay, then.
* * * LOW HITPOINT WARNING * * *
You feel sick.
* * * LOW HITPOINT WARNING * * *
You feel sick.
* * * LOW HITPOINT WARNING * * *
You feel sick.
You die...

#.#
#.......##..##.##..
#.# #..............#
###.#
#.......##..#.....
#...#
#.......##....###.
#.### #.......###...#
#.# #######.........
#.# ######†#### #.#
#######.# #.###
#..@....#
....##########.#######
#.#.#.......##.##
#.#.#.#####.#...##
#.....†..##......#
###.#.##.........#
###.#.#####......#
....#.#####.#...##
#####.......#####


There were no monsters in sight!

Vanquished Creatures
  A scorpion (D:2)
  An adder (D:2)
  2 bats (D:1)
  3 endoplasms (D:1)
  6 hobgoblins
  6 jackals (D:1)
  A quokka (D:1)
  3 ball pythons
  A frilled lizard (D:1)
  A goblin (D:1)
  2 kobolds (D:1)
  2 rats
29 creatures vanquished.

Notes
Turn   | Place    | Note
-------+----------+-------------------------------------------
     0 | D:1      | Zonian the Tengu Conjurer began the quest for the Orb.
     0 | D:1      | Reached XP level 1. HP: 10/10 MP: 4/4
   375 | D:1      | Reached XP level 2. HP: 15/15 MP: 4/6
   379 | D:1      | Learned a level 2 spell: Searing Ray
   492 | D:1      | You fall into a shaft and drop 1 floor!
   493 | D:2      | Noticed a scorpion
   635 | D:1      | Reached skill level 6 in Conjurations
  1693 | D:1      | Reached XP level 3. HP: 19/19 MP: 4/7
  2502 | D:2      | Killed a scorpion
  2503 | D:2      | Reached skill level 7 in Conjurations
  2503 | D:2      | Reached XP level 4. HP: 5/24 MP: 1/9
  2505 | D:2      | HP: 1/24 [poisoned by a scorpion]
  2506 | D:2      | Succumbed to a scorpion's poison

Illustrated notes

Levels and vault maps discovered:
D:1:      matt_arrival_diagonals, layout_basic, serial_glass, glass_columns_b,
          glass_columns_b, glass_columns_c, glass_columns_a, glass_columns_a,
          glass_columns_b, item_on_display_a, minmay_strange_pillars,
          due_unseen_surprise
D:2:      layout_loops_cross, hellmonk_ecumenical_altar_defaced_shrine

Skill      XL: |  1  2  3 |
---------------+----------+-----
Conjurations   | 6 7 |  7.0
Short Blades   | |  0.2
Dodging        | |  2.5
Stealth        | |  2.2
Spellcasting   | |  2.7

Action                   |  1- 3 |  4- 6 || total
-------------------------+-------+-------++-------
Melee: Dagger            |    11 |       ||    11
       Kick              |     1 |       ||     1
 Cast: Magic Dart        |    52 |       ||    52
       Searing Ray       |     3 |       ||     3
  Use: Scroll            |     2 |       ||     2
Armor: Robe              |     7 |       ||     7
Dodge: Dodged            |    17 |       ||    17

Table legend: (Time is in decaauts)
 A = Elapsed time spent in this place.
 B = Non-inter-level travel time spent in this place.
 C = Inter-level travel time spent in this place.
 D = Time resting spent in this place.
 E = Time spent auto-exploring this place.
 F = Levels seen in this place.
 G = Mean time per level.
                   A        B        C        D        E       F      G
               +--------+--------+--------+--------+--------+-----+--------+
         Total |   2506 |   2481 |     25 |   1462 |    835 |   2 | 1253.0 |
       Dungeon |   2506 |   2481 |     25 |   1462 |    835 |   2 | 1253.0 |
               +--------+--------+--------+--------+--------+-----+--------+

Top non-repeatable levels by time:
     D:1: 1902 daAuts
     D:2: 604 daAuts
